 Dungeon Crawl Stone Soup version 0.30-a0-722-g3e6e8c874d (webtiles) character file.

Game seed: 3161849691694111235

1904 Mitcholas the Skirmisher (level 8, -1/66 (67) HPs)
             Began as a Pale Draconian Hunter on Jan 27, 2023.
             Was a Priest of Okawaru.
             Slain by an ice beast (14 damage)
             ... on level 6 of the Dungeon.
             The game lasted 00:21:13 (5297 turns).

Mitcholas the Skirmisher (Pale Draconian Hunter)    Turns: 5297, Time: 00:21:13

HP:   -1/66 (67)    AC: 12    Str: 14    XL:     8   Next: 94%
MP:   10/10         EV: 13    Int: 10    God:    Okawaru [***...]
Gold: 527           SH:  5    Dex: 16    Spells: 7/7 levels left

rFire   . . .      SeeInvis .    a - +0 shortbow
rCold   . . .      Faith    .    (shield currently unavailable)
rNeg    . . .      Spirit   .    (body armour unavailable)
rPois   .          Reflect  +    (helmet restricted)
rElec   .          Harm     .    (no cloak)
rCorr   .          Rampage  .    o - +1 pair of gloves
Will    .....                    (no boots)
Stlth   +++                      j - amulet of reflection
HPRegen 0.31/turn                h - ring of wizardry
MPRegen 0.12/turn                p - +4 ring of protection

@: short of breath, lightly drained
A: breathe steam, AC +6, unfitting armour, cold-blooded, steam resistance
a: Breathe Steam, Renounce Religion, Heroism


You were on level 6 of the Dungeon.
You worshipped Okawaru.
Okawaru was most pleased with you.
You visited 1 branch of the dungeon, and saw 6 of its levels.

You collected 527 gold pieces.

Inventory:

Hand Weapons
 a - a +0 shortbow (weapon)
Armour
 o - a +1 pair of gloves (worn)
Jewellery
 h - a ring of wizardry (left hand)
 j - an amulet of reflection (around neck)
 p - a +4 ring of protection (right hand)
Wands
 u - a wand of flame (15)
Scrolls
 b - 3 scrolls of immolation
 d - 4 scrolls of teleportation
 f - 10 scrolls of identify {unknown}
 g - a scroll of enchant armour {unknown}
 l - a scroll of fog {unknown}
 n - 2 scrolls of poison {unknown}
 q - a scroll of enchant weapon {unknown}
 s - a scroll of blinking {unknown}
 t - 2 scrolls of amnesia {unknown}
 x - a scroll of noise {unknown}
Potions
 c - 2 potions of lignification {unknown}
 e - 2 potions of degeneration {unknown}
 i - 2 potions of flight {unknown}
 k - 2 potions of curing {unknown}
 m - 2 potions of brilliance {unknown}
 r - a potion of magic {unknown}
 v - a potion of heal wounds {unknown}
 w - a potion of resistance {unknown}
 z - a potion of cancellation {unknown}


   Skills:
 + Level 4.5 Fighting
 * Level 8.9 Ranged Weapons
 + Level 3.7 Dodging
 + Level 3.6 Stealth
 + Level 2.8 Invocations
 + Level 2.7 Evocations


You had 7 spell levels left.
You didn't know any spells.
Your spell library contained the following spells:

 Spells                   Type           Power      Damage    Failure   Level
 Summon Small Mammal      Summ           Unusable   N/A       N/A         1
 Call Canine Familiar     Summ           Unusable   N/A       N/A         3
 Summon Guardian Golem    Hex/Summ       Unusable   N/A       N/A         3

Dungeon Overview and Level Annotations

Branches:
Dungeon (6/15)
 Temple: D:4-7

Altars:
Ashenzari
Cheibriados
Fedhas
Gozag
Hepliaklqana
Kikubaaqudgha
Makhleb
Okawaru
Xom

Shops:
D:6 (

Annotations:
D:3 1 runed translucent door, Crazy Yiuf
D:6 Dowan, Duvessa


Innate Abilities, Weirdness & Mutations

You can breathe blasts of scalding, opaque steam.
Your pale cyan-grey scales are hard. (AC +6)
You cannot fit into any form of body armour.
You are cold-blooded and may be slowed by cold attacks.
You are immune to the effects of steam.


Message History

Aim: an ice beast (heavily wounded, 66% to hit)
You shoot an arrow.
The arrow hits the ice beast but does no damage.
The ice beast is heavily wounded.
The ice beast hits you but does no damage.
Fire: a) +0 shortbow
Press: ? - help, Q - select action, (/) - cycle Shift-Dir - straight line, f/p - ice beast
Aim: an ice beast (heavily wounded, 66% to hit)
You shoot an arrow. The arrow hits the ice beast!
The ice beast is severely wounded.
The ice beast closely misses you.
Fire: a) +0 shortbow
Press: ? - help, Q - select action, (/) - cycle Shift-Dir - straight line, f/p - ice beast
Aim: an ice beast (severely wounded, 66% to hit)
You shoot an arrow.
The arrow hits the ice beast but does no damage.
The ice beast is severely wounded.
The ice beast hits you but does no damage.
Fire: a) +0 shortbow
Press: ? - help, Q - select action, (/) - cycle Shift-Dir - straight line, f/p - ice beast
Aim: an ice beast (severely wounded, 66% to hit)
You shoot an arrow.
The arrow hits the ice beast but does no damage.
The ice beast is severely wounded.
The ice beast completely misses you.
Fire: a) +0 shortbow
Press: ? - help, Q - select action, (/) - cycle Shift-Dir - straight line, f/p - ice beast
Aim: an ice beast (severely wounded, 66% to hit)
You shoot an arrow. The arrow barely misses the ice beast.
The ice beast hits you but does no damage.
Fire: a) +0 shortbow
Press: ? - help, Q - select action, (/) - cycle Shift-Dir - straight line, f/p - ice beast
Aim: an ice beast (severely wounded, 66% to hit)
You shoot an arrow.
The arrow hits the ice beast but does no damage.
The ice beast is severely wounded.
The ice beast hits you.
* * * LOW HITPOINT WARNING * * *
The ice beast freezes you!
You die...

....# ....##
....>#########
.............####
##..........§...#
#.≈≈≈≈≈≈≈§≈≈≈≈.#
#.≈..........≈.#
#.≈†≈≈≈≈≈≈≈≈.≈.##
#.≈.≈......≈.≈Y@#
##.≈.≈)≈≈≈≈.≈.≈..#
..e≈.≈.≈∩.≈.≈.≈..#
...≈.≈.≈≈.≈.≈.≈..#
...≈.≈....≈.≈.≈..#
...≈.≈≈≈≈≈≈.≈.≈..#
...≈.....[..≈.≈..#
#..≈≈≈≈≈≈≈≈≈≈.≈..#
#.........


You could see an ice beast.

Vanquished Creatures
  Menkaure (D:6)
  2 black bears
  3 ogres
  A centaur (D:5)
  3 phantoms
  A kobold brigand (D:5)
  4 scorpions
  2 electric eels (D:6)
  2 hounds
  3 iron imps (D:5)
  A jelly (D:5)
  Ijyb (D:4)
  Jessica (D:3)
  Terence (D:2)
  5 iguanas
  An orc wizard (D:4)
  3 gnolls (D:5)
  3 river rats (D:5)
  11 adders
  2 shadow imps (D:5)
  A worm (D:3)
  4 dart slugs
  4 orcs
  8 ball pythons
  12 endoplasms
  5 giant cockroaches
  6 goblins
  7 hobgoblins
  8 jackals
  4 quokkas
  9 bats
  5 frilled lizards
  15 kobolds
  6 rats
145 creatures vanquished.

Vanquished Creatures (others)
  A gnoll (D:5)
  50 plants
51 creatures vanquished.

Grand Total: 196 creatures vanquished

Notes
Turn   | Place    | Note
-------+----------+-------------------------------------------
     0 | D:1      | Mitcholas the Draconian Hunter began the quest for the Orb.
     0 | D:1      | Reached XP level 1. HP: 17/17 MP: 1/1
   172 | D:1      | Reached skill level 4 in Ranged Weapons
   181 | D:1      | Reached XP level 2. HP: 24/24 MP: 2/2
   488 | D:1      | Found a faded altar of an unknown god.
   494 | D:1      | Reached XP level 3. HP: 29/29 MP: 3/3
  1007 | D:2      | Reached skill level 5 in Ranged Weapons
  1152 | D:2      | Noticed Terence
  1182 | D:2      | Reached XP level 4. HP: 32/36 MP: 4/4
  1189 | D:2      | Killed Terence
  1763 | D:3      | Found an ancient bone altar of Kikubaaqudgha.
  1808 | D:3      | Found an iron altar of Okawaru.
  1820 | D:3      | Became a worshipper of Warmaster Okawaru
  2019 | D:3      | Found a hazy altar of Hepliaklqana.
  2302 | D:3      | Noticed Jessica
  2308 | D:3      | Killed Jessica
  2309 | D:3      | Reached XP level 5. HP: 34/41 MP: 5/5
  2374 | D:3      | Found a snail-covered altar of Cheibriados.
  2578 | D:3      | Found a runed translucent door.
  2579 | D:3      | Noticed Crazy Yiuf
  2767 | D:4      | Noticed a black bear
  2831 | D:4      | Reached skill level 6 in Ranged Weapons
  2952 | D:4      | Noticed a phantom
  2983 | D:4      | Killed a phantom
  2994 | D:4      | Reached XP level 6. HP: 31/48 MP: 6/6
  3137 | D:4      | Reached * piety under Okawaru
  3138 | D:4      | Reached skill level 7 in Ranged Weapons
  3324 | D:4      | Noticed Ijyb
  3336 | D:4      | Killed Ijyb
  3337 | D:4      | Reached skill level 1 in Stealth
  3544 | D:4      | Your scales start taking on a pale cyan-grey colour.
  3544 | D:4      | Reached XP level 7. HP: 41/56 MP: 7/7
  3544 | D:4      | Gained mutation: You are immune to the effects of steam.
                  | [Pale Draconian growth]
  3731 | D:5      | Entered Level 5 of the Dungeon
  3731 | D:5      | Found a shimmering altar of Xom.
  3820 | D:5      | Reached ** piety under Okawaru
  3974 | D:5      | Reached skill level 8 in Ranged Weapons
  4121 | D:5      | Found an opulent altar of Gozag.
  4158 | D:5      | Reached XP level 8. HP: 63/63 MP: 8/8
  4175 | D:5      | Reached skill level 1 in Invocations
  4175 | D:5      | Reached skill level 1 in Evocations
  4204 | D:5      | Found a burning altar of Makhleb.
  4370 | D:5      | Reached *** piety under Okawaru
  4668 | D:5      | Found a broken altar of Ashenzari.
  4808 | D:6      | Found a blossoming altar of Fedhas.
  4889 | D:6      | Found Mablapt's Weapon Boutique.
  5203 | D:6      | Noticed Menkaure
  5208 | D:6      | Killed Menkaure
  5245 | D:6      | Noticed Duvessa
  5255 | D:6      | Noticed Dowan
  5297 | D:6      | Slain by an ice beast

Illustrated notes

Levels and vault maps discovered:
D:1:      evilmike_arrival_plus, layout_basic,
          shapermc_ecumenical_altar_notcrosses
D:2:      layout_loops_ring, chequers_big_river, uniq_terence
D:3:      wander_river, layout_basic, nicolae_hepliaklqana_hazy_memory,
          kennysheep_slug_shrine, amcnicky_altar_gilded,
          okawaru_ov_weapons_minmay, kennysheep_small_spiral, st_stairs_2,
          uniq_jessica, uniq_crazy_yiuf_cottage
D:4:      layout_basic, uniq_ijyb
D:5:      wad_woods_settlement, layout_basic, xom_confusion_cloud,
          grunt_gozag_breadcrumbs, mainiacjoe_overflow_alcove_2, demons_altar
D:6:      layout_rooms, old_standard_altar, lemuel_round_altar, zin_angel,
          overflow_temple_1_default, serial_shops, nicolae_inconvenience_store,
          uniq_menkaure, uniq_duvessa

Skill      XL: |  1  2  3  4  5  6  7  8 |
---------------+-------------------------+-----
Ranged Weapons | 4 5 6 7 8 |  8.9
Stealth        | 1 2 3 |  3.6
Dodging        | 2 3 |  3.7
Fighting       | 3 4 |  4.5
Invocations    | 2 |  2.8
Evocations     | 2 |  2.7

Action                     |  1- 3 |  4- 6 |  7- 9 || total
---------------------------+-------+-------+-------++-------
  Melee: Shortbow          |       |       |     2 ||     2
   Fire: Shortbow          |   134 |   234 |   222 ||   590
Ability: Breathe Steam     |       |       |     5 ||     5
  Evoke: Wand              |       |       |     2 ||     2
    Use: Scroll            |       |       |     2 ||     2
 Armour: Skin              |    16 |    84 |    32 ||   132
  Dodge: Dodged            |    47 |    64 |    37 ||   148
  Block: Other             |       |    29 |    14 ||    43
         Reflection        |       |     1 |       ||     1

Table legend: (Time is in decaauts)
 A = Elapsed time spent in this place.
 B = Non-inter-level travel time spent in this place.
 C = Inter-level travel time spent in this place.
 D = Time resting spent in this place.
 E = Time spent auto-exploring this place.
 F = Levels seen in this place.
 G = Mean time per level.
                   A        B        C        D        E       F      G
               +--------+--------+--------+--------+--------+-----+--------+
         Total |   5430 |   5275 |    155 |    609 |   3571 |   6 |  905.0 |
       Dungeon |   5430 |   5275 |    155 |    609 |   3571 |   6 |  905.0 |
               +--------+--------+--------+--------+--------+-----+--------+

Top non-repeatable levels by time:
     D:3: 1099 daAuts
     D:5: 1019 daAuts
     D:2: 1006 daAuts
     D:4: 996 daAuts
     D:1: 765 daAuts
     D:6: 543 daAuts
